 Dungeon Crawl Stone Soup version 0.22.1-2-g9c5b331 (webtiles) character file.

33 myga the Chiller (level 3, -5/28 HPs)
             Began as a Naga Ice Elementalist on Dec 8, 2018.
             Slain by a worm (6 damage)
             ... on level 2 of the Dungeon.
             The game lasted 00:05:07 (919 turns).

myga the Chiller (Naga Ice Elementalist)             Turns: 919, Time: 00:05:07

Health: -5/28      AC:  2    Str: 11    XL:     3   Next: 29%
Magic:  2/6        EV: 10    Int: 15    God:
Gold:   35         SH:  0    Dex: 11    Spells: 3/6 levels left

rFire    . . .     SeeInvis +   n - +0 dagger
rCold    . . .     Gourm    .   (no shield)
rNeg     . . .     Faith    .   a - +0 robe
rPois    +         Spirit   .   (no helmet)
rElec    .         Reflect  .   (no cloak)
rCorr    .         Harm     .   (no gloves)
MR       .....                  (no barding)
Stlth    ++........             (no amulet)
HPRegen  0.09/turn              (no ring)
MPRegen  0.10/turn              (no ring)

@: very slow
A: large, see invisible, deformed body, poison resistance, slowness 2, slow
metabolism 1, spit poison 1, AC +1
a: Spit Poison


You were on level 2 of the Dungeon.
You were not hungry.

You visited 1 branch of the dungeon, and saw 2 of its levels.

You collected 35 gold pieces.

Inventory:

Hand Weapons
 n - a +0 dagger (weapon)
Missiles
 o - 74 stones (quivered)
Armour
 a - a +0 robe (worn)
Scrolls
 b - a scroll of enchant weapon {unknown}
 k - a scroll of teleportation {unknown}
 m - a scroll of remove curse
Potions
 d - a potion of degeneration {unknown}
 g - a potion of cancellation
 i - a potion of magic {unknown}
 l - 2 potions of brilliance {unknown}
Comestibles
 c - 3 rations
 f - a chunk of flesh


   Skills:
 + Level 0.1 Armour
 + Level 1.7 Dodging
 + Level 3.4 Stealth
 + Level 2.4 Spellcasting
 + Level 1.2 Conjurations
 + Level 3.6 Ice Magic


You had 3 spell levels left.
You knew the following spells:

 Your Spells              Type           Power        Failure   Level  Hunger
a - Freeze                Ice            ##..         4%          1    #......
b - Throw Frost           Conj/Ice       #.....       12%         2    ###....

Your spell library contained the following spells:

 Spells                   Type           Power        Failure   Level  Hunger
 Ozocubu's Armour         Chrm/Ice       #.......     30%         3    ###....
 Throw Icicle             Conj/Ice       #.......     61%         4    #####..
 Summon Ice Beast         Ice/Summ       #.......     71%         4    #####..


Dungeon Overview and Level Annotations

Branches:
Dungeon (2/15)

Altars:


Innate Abilities, Weirdness & Mutations

You cannot wear boots.
Your serpentine skin is tough. (AC +1)
You have supernaturally acute eyesight. (SInv)
Armour fits poorly on your strangely shaped body.
Your system is resistant to poisons. (rPois)
You cover ground very slowly.
You have a slow metabolism.
You can spit poison.


Message History

* * * LOW HITPOINT WARNING * * *
You barely miss the worm.
The worm is moderately wounded.
The worm bites you.
* * * LOW HITPOINT WARNING * * *
You hit the worm but do no damage.
The worm is lightly wounded.
You hit the worm.
The worm is moderately wounded.
The worm bites you.
* * * LOW HITPOINT WARNING * * *
You hit the worm but do no damage.
The worm is moderately wounded.
You hit the worm but do no damage.
The worm is moderately wounded.
The worm closely misses you.
You barely miss the worm.
The worm is lightly wounded.
The worm bites you.
You die...

#.####.# ... ####.### ..
#......##.###
#.##†#.##.>.###. .# ..
#.#.......... #.# #.
..###....##.# ##.## #
######.#.###.# #...#
###########.....##.# #...#
#.......#.@.....##.# #....
#.......#w#..#..##.####...#
#.......#.#................
#.....÷.....##............<
#.......#.###...###........
#.......#........######....
#.......##.##...## #...#
##########.###.## #...# .#
### #...#


You could see a worm.

Vanquished Creatures
  4 dart slugs
  2 ball pythons (D:1)
  6 bats
  2 giant cockroaches (D:2)
  4 goblins (D:1)
  A hobgoblin (D:1)
  3 frilled lizards (D:1)
  2 kobolds (D:2)
24 creatures vanquished.

Notes
Turn   | Place    | Note
-------+----------+-------------------------------------------
     0 | D:1      | myga the Naga Ice Elementalist began the quest for the Orb.
     0 | D:1      | Reached XP level 1. HP: 15/15 MP: 3/3
    89 | D:1      | Reached XP level 2. HP: 15/22 MP: 0/5
   142 | D:1      | Learned a level 2 spell: Throw Frost
   333 | D:1      | Reached XP level 3. HP: 23/28 MP: 0/6
   916 | D:2      | HP: 1/28 [worm (1)]
   919 | D:2      | Slain by a worm

Action                   || total
-------------------------++-------
Melee: Short sword       ||    11
       Dagger            ||    16
Throw: Stone             ||     1
 Cast: Freeze            ||    15
       Throw Frost       ||    12
  Use: Scroll            ||     2
 Stab: Sleeping          ||     3
  Eat: Chunk             ||     1
Armor: Robe              ||     8
Dodge: Dodged            ||    23
